 Dungeon Crawl Stone Soup version 0.31-a0-750-gfe7b580527 (webtiles) character file.

Game seed: 4170172879792226609

402 Aneyh the Ducker (level 6, 0/39 HPs)
             Began as a Tengu Monk on Sept 14, 2023.
             Slain by a gnoll sergeant
             ... wielding a +0 trident of protection
              (3 damage)
             ... while petrified by a basilisk
             ... on level 7 of the Dungeon.
             The game lasted 00:05:04 (2803 turns).

Aneyh the Ducker (Tengu Monk)                       Turns: 2803, Time: 00:05:04

Health: 0/39       AC:  4    Str: 19    XL:     6   Next: 85%
Magic:  7/7        EV:  2    Int:  8    God:
Gold:   149        SH:  0    Dex: 19    Spells: 5/5 levels left

rFire   + . .        b - +7 whip of Veuxul Diepn {spect, rF+ Int-3 Dex+3}
rCold   . . .        (no shield)
rNeg    + + +        k - +0 robe
rPois   ∞            (helmet restricted)
rElec   .            (no cloak)
rCorr   +            (no gloves)
SInv    .            (boots unavailable)
Will    .....        (no amulet)
Stlth   ++           g - +6 ring of strength
HPRegen 0.26/turn    D - ring of the Octopus King {rCorr HP+2 AC+2 EV+2 SH+2}
MPRegen 0.10/turn

%: acrobat
@: petrified
A: beak, talons 3, acrobatic
a: no special abilities


You were on level 7 of the Dungeon.
You visited 1 branch of the dungeon, and saw 5 of its levels.

You collected 149 gold pieces.

Inventory:

Hand Weapons
 a - a +2 trident of protection
 b - the +7 whip of Veuxul Diepn (weapon) {spect, rF+ Int-3 Dex+3}
   (You found it on level 2 of the Dungeon)

   Int-3:     It affects your intelligence (-3).
   Dex+3:     It affects your dexterity (+3).
   rF+:       It protects you from fire.
 r - a +0 short sword of electrocution
 t - a +0 spear
 y - a +1 mace of protection
Missiles
 e - 5 poisoned darts
 C - 6 boomerangs (quivered)
Armour
 d - an orb of light
 k - a +0 robe (worn)
Jewellery
 g - a +6 ring of strength (left hand)
 i - a ring of magical power
 v - a +4 ring of protection
 D - a ring of the Octopus King (right hand) {rCorr HP+2 AC+2 EV+2 SH+2}
   (You found it on level 3 of the Dungeon)

   [ring of resist corrosion]

   AC+2:      It affects your AC (+2).
   EV+2:      It affects your evasion (+2).
   HP+2:      It affects your health (+2).
   rCorr:     It protects you from acid and corrosion.
   SH+2:      It affects your SH (+2).
Scrolls
 j - a scroll of enchant weapon {unknown}
 m - a scroll of blinking {unknown}
 n - a scroll of teleportation {unknown}
 q - a scroll of vulnerability {unknown}
 s - a scroll of fog {unknown}
 u - 2 scrolls of revelation {unknown}
 x - a scroll of immolation {unknown}
 z - a scroll of noise {unknown}
 A - 2 scrolls of poison {unknown}
Potions
 c - a potion of ambrosia
 f - a potion of curing
 h - a potion of cancellation
 l - 2 potions of heal wounds
 o - 2 potions of might
 p - a potion of berserk rage
 w - a potion of brilliance {unknown}


   Skills:
 + Level 3.0 Fighting
 - Level 5.0 Polearms
 + Level 7.2 Dodging


You had 5 spell levels left.
You didn't know any spells.
Your spell library contained the following spells:

 Spells                   Type           Power      Damage    Failure   Level
 Summon Guardian Golem    Hex/Summ       0%         N/A       78%         3
 Orb of Destruction       Conj           0%         9d5       100%        7
 Spellforged Servitor     Conj/Summ      0%         N/A       100%        7


Dungeon Overview and Level Annotations

Branches:
Dungeon (7/15)
 Temple: D:4-7

Altars:
Wu Jian


Innate Abilities, Weirdness & Mutations

You have a beak for a mouth.
You have claws for feet.
You can magically evade attacks while moving or waiting.


Message History

The bullfrog is severely wounded.
Your +7 whip of Veuxul Diepn {spect, rF+ Int-3 Dex+3} closely misses the bullfrog.
The bullfrog closely misses you.
You hit the bullfrog.
The bullfrog is severely wounded.
Your +7 whip of Veuxul Diepn {spect, rF+ Int-3 Dex+3} hits the bullfrog.
The bullfrog closely misses you. The bullfrog hits you!
You whack the bullfrog!
You kill the bullfrog!
Your +7 whip of Veuxul Diepn {spect, rF+ Int-3 Dex+3} disappears.
Your Dodging skill increases to level 7!
You start resting.
HP restored.
You open the door.
A gnoll sergeant, a basilisk, an ogre and an orc come into view.
The gnoll sergeant is wielding a +0 trident of protection.
The orc shouts!
The gnoll sergeant shouts!
The basilisk hisses angrily.
The basilisk gazes at you.
You are slowing down.
Found 27 gold pieces.
The basilisk closely misses you.
Your limbs are stiffening.
You have turned to stone.
The gnoll sergeant hits you from afar with a +0 trident of protection.
The basilisk bites you.
The gnoll sergeant hits you from afar with a +0 trident of protection!
The basilisk gazes at you. You resist with significant effort.
The gnoll sergeant hits you from afar with a +0 trident of protection!
The basilisk gazes at you.
The gnoll sergeant hits you from afar with a +0 trident of protection.
The basilisk bites you!
The gnoll sergeant hits you from afar with a +0 trident of protection.
The basilisk bites you!
* * * LOW HITPOINT WARNING * * *
The gnoll sergeant hits you from afar with a +0 trident of protection!
* * * LOW HITPOINT WARNING * * *
The basilisk bites you!
* * * LOW HITPOINT WARNING * * *
The gnoll sergeant hits you from afar with a +0 trident of protection!
You die...

#######...#######...
♣.♣♣.♣♣.♣.♣.# ..
♣.♣.♣.♣.♣.♣ #
♣...♣.♣.♣.#
♣.♣.♣.♣.♣.♣#
♣.♣♣.♣♣.♣.♣.# ##
#.########
#........#
######@♣.# +$..#l♣ #
#oOg.♣ ####...#
#####


You could see a basilisk and a gnoll sergeant.

Vanquished Creatures
  A sky beast (D:6)
  A phantom (D:6)
  A bullfrog (D:7)
  2 hounds
  3 adders
  2 worms
  2 dart slugs (D:2)
  5 orcs (D:3)
  7 endoplasms
  5 giant cockroaches
  5 goblins
  4 hobgoblins
  6 jackals
  4 quokkas
  7 ball pythons
  6 bats
  3 frilled lizards
  5 kobolds
  6 rats
75 creatures vanquished.

Notes
Turn   | Place    | Note
-------+----------+-------------------------------------------
     0 | D:1      | Aneyh the Tengu Monk began the quest for the Orb.
     0 | D:1      | Reached XP level 1. HP: 14/14 MP: 2/2
   123 | D:1      | Reached XP level 2. HP: 19/19 MP: 3/3
   988 | D:2      | Reached XP level 3. HP: 23/23 MP: 4/4
  1420 | D:2      | Reached skill level 5 in Polearms
  1437 | D:2      | Identified the +7 whip of Veuxul Diepn {spect, rF+ Int-3
                  | Dex+3}
  1618 | D:2      | Reached XP level 4. HP: 28/28 MP: 5/5
  1858 | D:2      | Reached skill level 4 in Dodging
  2142 | D:3      | Reached XP level 5. HP: 32/32 MP: 6/6
  2186 | D:3      | Found the ring of the Octopus King
  2194 | D:3      | Identified a ring of the Octopus King {rCorr HP+2 AC+2 EV+2
                  | SH+2}
  2416 | D:3      | Found an ornate altar of the Wu Jian Council.
  2425 | D:3      | Reached skill level 5 in Dodging
  2480 | D:3      | You fall into a shaft and drop 3 floors!
  2490 | D:6      | Noticed a phantom
  2502 | D:6      | Killed a phantom
  2604 | D:7      | Reached skill level 6 in Dodging
  2604 | D:7      | Reached XP level 6. HP: 37/37 MP: 7/7
  2635 | D:7      | Noticed a hornet
  2685 | D:7      | Noticed a sky beast
  2704 | D:6      | Killed a sky beast
  2748 | D:7      | Reached skill level 7 in Dodging
  2794 | D:7      | Noticed a basilisk
  2803 | D:7      | Slain by a gnoll sergeant

Illustrated notes

Levels and vault maps discovered:
D:1:      dpeg_arrival_chambers_temple_mockup, layout_basic
D:2:      minmay_razor_zed, layout_basic, corexii_leaking_fountain,
          hangedman_decor_clover_reticule, minmay_fractal_squares_gapless_5
D:3:      layout_basic, nzn_wu_jian_contemplation, gammafunk_ghost_grave,
          minmay_misc_feat_ornament, minmay_splitting_lines
D:6:      layout_basic, hangedman_feature_mirror, minmay_crystal_room,
          kennysheep_flooded_box
D:7:      nzn_winding_woodlands_small [nzn_winding_woodlands_5x15_split_checker,
          nzn_winding_woodlands_center_lodge,
          nzn_winding_woodlands_5x15_sidewinder], layout_cave_pools,
          chequers_serial_rivers_small_b, uniq_crazy_yiuf_cottage

Skill      XL: |  1  2  3  4  5  6 |
---------------+-------------------+-----
Polearms       | 4 5 |  5.0
Dodging        | 4 6 7 |  7.2
Fighting       | |  3.0

Action                     |  1- 3 |  4- 6 || total
---------------------------+-------+-------++-------
  Melee: Spear             |    36 |       ||    36
         Kick              |    14 |     7 ||    21
         Peck              |     6 |     4 ||    10
         Short sword       |    30 |       ||    30
         Whip              |    10 |    56 ||    66
         Punch             |       |     1 ||     1
  Throw: Boomerang         |       |     4 ||     4
    Use: Scroll            |       |     5 ||     5
   Stab: Sleeping          |     5 |     4 ||     9
         Distracted        |       |     2 ||     2
 Armour: Robe              |    27 |    23 ||    50
  Dodge: Dodged            |    41 |    36 ||    77
  Block: Other             |       |     2 ||     2

Table legend: (Time is in decaauts)
 A = Elapsed time spent in this place.
 B = Non-inter-level travel time spent in this place.
 C = Inter-level travel time spent in this place.
 D = Time resting spent in this place.
 E = Time spent auto-exploring this place.
 F = Levels seen in this place.
 G = Mean time per level.
                   A        B        C        D        E       F      G
               +--------+--------+--------+--------+--------+-----+--------+
         Total |   2801 |   2739 |     62 |    243 |   1877 |   5 |  560.2 |
       Dungeon |   2801 |   2739 |     62 |    243 |   1877 |   5 |  560.2 |
               +--------+--------+--------+--------+--------+-----+--------+

Top non-repeatable levels by time:
     D:2: 1106 daAuts
     D:1: 892 daAuts
     D:3: 475 daAuts
     D:7: 179 daAuts
     D:6: 147 daAuts
